 Dungeon Crawl Stone Soup version 0.24.0-13-gcf9b3192b9 (webtiles) character file.

Game seed: 1364163427305372032, levelgen mode: classic

42 EnegeticOcto the Chopper (level 3, -2/43 HPs)
             Began as a Demigod Gladiator on Nov 6, 2019.
             Succumbed to a goblin's poison
             ... on level 2 of the Dungeon.
             The game lasted 00:01:51 (1270 turns).

EnegeticOcto the Chopper (Demigod Gladiator)        Turns: 1270, Time: 00:01:52

Health: -2/43      AC:  9    Str: 28    XL:     3   Next: 17%
Magic:  5/5        EV: 10    Int: 12    God:
Gold:   27         SH:  0    Dex: 17    Spells: 2/2 levels left

rFire    . . .     SeeInvis .   a - +0 war axe
rCold    + . .     Gourm    .   (no shield)
rNeg     . . .     Faith    .   j - +0 chain mail
rPois    .         Spirit   .   c - +0 helmet
rElec    .         Reflect  .   (no cloak)
rCorr    .         Harm     .   (no gloves)
MR       .....                  (no boots)
Stlth    ..........             (no amulet)
HPRegen  0.14/turn              i - +4 ring of strength
MPRegen  0.09/turn              l - ring of protection from cold (curse)

@: mighty, berserking, lethally poisoned (-2 -> -35), flying, very quick
A: high mp 1
a: no special abilities


You were on level 2 of the Dungeon.
You were not hungry.

You visited 1 branch of the dungeon, and saw 2 of its levels.

You collected 27 gold pieces.

Inventory:

Hand Weapons
 a - a +0 war axe (weapon)
Missiles
 d - 3 throwing nets (quivered) {!f}
Armour
 c - a +0 helmet (worn)
 j - a +0 chain mail (worn)
Jewellery
 i - a +4 ring of strength (left hand)
 l - a cursed ring of protection from cold (right hand)
Scrolls
 h - a scroll of identify {unknown}
 k - a scroll of enchant weapon {unknown}
Potions
 g - a potion of might {@q3 !q}
Comestibles
 e - 2 rations
 m - 4 chunks of flesh


   Skills:
 + Level 2.2 Fighting
 * Level 3.3 Axes
 - Level 1.7 Throwing
 + Level 1.0 Armour
 + Level 3.0 Dodging


You had 2 spell levels left.
You didn't know any spells.
Your spell library was empty.

Dungeon Overview and Level Annotations

Branches:
Dungeon (2/15)


Innate Abilities, Weirdness & Mutations

You have an increased reservoir of magic. (+10% MP)


Message History

You hit the hobgoblin.
The hobgoblin is heavily wounded.
The hobgoblin hits you but does no damage.
You hit the hobgoblin but do no damage.
The hobgoblin is heavily wounded.
The hobgoblin hits you but does no damage.
The hobgoblin hits you with a +0 club.
You closely miss the hobgoblin.
The hobgoblin is heavily wounded.
The hobgoblin hits you but does no damage.
You slash the hobgoblin!
You kill the hobgoblin!
No target in view!
No target in view!
No target in view!
No target in view!
No target in view!
You see here a chain mail.
j - a chain mail You start removing your armour.
You continue taking off your +0 scale mail. x4
You finish taking off your +0 scale mail.
You start putting on your armour.
You continue putting on your chain mail. x5
You finish putting on your +0 chain mail.
Drop what? 13/52 slots (_ for help) (? for menu, Esc to quit)
You drop a +0 scale mail.
You feel stronger.
i - a +4 ring of strength (left hand) Oops, that ring feels deathly cold.
l - a cursed ring of protection from cold (right hand)
Things that are here:
a +0 club; a hobgoblin corpse You butcher the hobgoblin corpse.
m - 4 chunks of flesh
Things that are here:
a +0 club; a hobgoblin skeleton
Things that are here:
a +0 club; a hobgoblin skeleton A goblin comes into view.
It is wielding a +0 dagger of venom.
A goblin is nearby!
A goblin is nearby!
A goblin is nearby!
No reachable target in view!
No reachable target in view!
No reachable target in view!
No reachable target in view!
No reachable target in view!
The goblin hits you but does no damage.
You are poisoned.
You closely miss the goblin.
You feel sick. The goblin hits you but does no damage.
You are more poisoned.
You hit the goblin.
The goblin is moderately wounded.
You feel sick. The goblin barely misses you.
The goblin hits you but does no damage.
You are lethally poisoned!
You hit the goblin.
The goblin is heavily wounded.
You feel very sick. The goblin hits you but does no damage.
You are more poisoned.
Your chain mail prevents you from hitting the goblin.
The goblin is heavily wounded.
You feel very sick. The goblin barely misses you.
You closely miss the goblin.
The goblin is heavily wounded.
You feel very sick. The goblin hits you but does no damage.
You are more poisoned.
The goblin hits you but does no damage.
You are more poisoned.
You closely miss the goblin.
The goblin is heavily wounded.
You feel very sick. The goblin hits you but does no damage.
You are more poisoned.
You are too injured to fight recklessly!
You are too injured to fight recklessly!
You slash the goblin!
You kill the goblin!
You feel very sick.
* * * LOW HITPOINT WARNING * * *
You feel very sick.
You see here a +0 dagger of venom.
It was a potion of might.
You feel very mighty all of a sudden.
* * * LOW HITPOINT WARNING * * *
You feel very sick.
It was a potion of flight.
You feel very buoyant.
You fly up into the air.
* * * LOW HITPOINT WARNING * * *
You feel sick.
It was a potion of berserk rage.
A red film seems to cover your vision as you go berserk!
You feel yourself moving faster!
You feel mighty!
You die...

### #### ### #.. ...#
#.. #.# #.#######.#
##.#####......##.#
##.##.........##.####
.#.#................#
..............##@##.#
###...........##.# .#
#.#....##...##.# .#
#......#..#.##.. ..
#.######.P?P..## .#
#.# #$≈≈≈P≈ .# #.#
≈P≈♣P♣≈P ^# ###.#
.P≈♣♣♣♣♣P# ....# #P.P
≈.


There were no monsters in sight!

Vanquished Creatures
  An adder (D:2)
  A dart slug (D:1)
  2 leopard geckos (D:1)
  6 bats
  3 giant cockroaches (D:1)
  3 goblins
  2 hobgoblins
  4 kobolds (D:1)
  A frilled lizard (D:1)
  2 rats (D:1)
25 creatures vanquished.

Notes
Turn   | Place    | Note
-------+----------+-------------------------------------------
     0 | D:1      | EnegeticOcto the Demigod Gladiator began the quest for the
                  | Orb.
     0 | D:1      | Reached XP level 1. HP: 17/17 MP: 3/3
   280 | D:1      | Reached XP level 2. HP: 24/24 MP: 4/4
   950 | D:2      | Reached XP level 3. HP: 15/29 MP: 5/5
  1148 | D:2      | Reached skill level 1 in Armour
  1156 | D:2      | Found an opulent altar of Gozag.
  1269 | D:2      | HP: 1/29 [poisoned by a goblin]
  1270 | D:2      | Succumbed to a goblin's poison

Levels and vault maps discovered:
D:1:      psy_arrival_heroes, layout_loops_ring
D:2:      layout_loops_corners, grunt_gozag_breadcrumbs,
          nemelex_xobeh_ov_fountains_minmay, serial_bayou_pond_c,
          grunt_decor_one_mirror

Skill      XL: |  1  2  3 |
---------------+----------+-----
Fighting       | 2 |  2.2
Axes           | 3 |  3.3
Dodging        | 3 |  3.0
Armour         | 1 |  1.0
Throwing       | |  1.7

Action                   || total
-------------------------++-------
Melee: War axe           ||    75
  Use: Potion            ||     3
  Eat: Chunk             ||     1
Armor: Leather armour    ||    12
       Scale mail        ||    17
       Chain mail        ||     6
Dodge: Dodged            ||    57
